Map: Lost and Found LE

Players

SortOf

  • Race: Zerg Zerg
  • League: Master
  • Spawn Location: 7:00

PtitDrogo - Winner!

  • Race: Protoss Protoss
  • League: Master
  • Spawn Location: 1:00

Event: HomeStory Cup XVIII

VOD

Have the link to the VOD?

Description

Time

  • Played on: Nov. 23, 2018, 11:29 a.m.
  • Length: 34:56

All games in this series

Show
View Real Time Build Order
Export as new Build Order

SortOf Zerg 

Build Orders: Hatch First, Lurkers, Roach Hydra 

Get SALT Encoding   

  12  0:01  Drone  
  13  0:12  Overlord  
  13  0:17  Drone  
  14  0:31  Drone x2  
  16  0:48  Hatchery  
  15  0:52  Drone  
  15  0:57  Drone  
  17  1:00  Drone  
  18  1:11  Extractor  
  18  1:14  Spawning Pool  
  16  1:18  Drone  
  16  1:20  Drone  
  18  1:28  Drone  
  19  1:39  Drone  
  20  1:49  Overlord  
  20  2:00  Queen x2  
  24  2:01  Zergling x2  
  24  2:02  Zergling x2  
  26  2:11  Drone x2  
  28  2:23  Drone x2, Metabolic Boost  
  30  2:35  Hatchery  
  29  2:38  Drone  
  29  2:43  Drone  
  31  2:45  Overlord  
  31  2:49  Drone  
  32  2:52  Queen  
  32  2:56  Drone x2  
  36  3:05  Overlord  
  36  3:09  Drone  
  36  3:10  Drone  
  36  3:11  Drone  
  39  3:14  Drone x3  
  39  3:17  Drone  
  39  3:18  Drone  
  44  3:26  Zergling x2  
  45  3:33  Queen  
  47  3:34  Overlord  
  47  3:38  Drone  
  48  3:41  Spore Crawler  
  48  3:45  Overlord  
  48  3:46  Queen  
  48  3:48  Drone  
  50  3:51  Overlord  
  50  3:54  Drone x4  
  54  3:58  Spore Crawler  
  54  4:00  Drone x2  
  55  4:04  Drone x3  
  55  4:07  Spore Crawler  
  57  4:11  Zergling x6  
  57  4:16  Drone x2  
  62  4:17  Overlord  
  62  4:20  Spore Crawler  
  62  4:23  Spore Crawler  
  57  4:25  Drone, Spore Crawler  
  57  4:28  Drone  
  57  4:30  Drone x2  
  57  4:31  Drone  
  62  4:34  Lair  
  62  4:39  Roach Warren  
  62  4:43  Drone x5  
  66  4:48  Overlord  
  66  4:49  Drone x2  
  68  4:54  Overlord  
  68  4:55  Extractor  
  68  4:56  Extractor  
  68  4:59  Drone x2  
  67  5:05  Drone x6  
  67  5:06  Drone  
  74  5:09  Overlord  
  74  5:16  Extractor  
  74  5:17  Overlord  
  74  5:18  Evolution Chamber  
  72  5:23  Roach x3  
  72  5:24  Roach x2  
  82  5:31  Roach x2  
  82  5:34  Extractor  
  84  5:36  Drone  
  84  5:37  Overseer, Drone, Glial Reconstitution  
  84  5:38  Drone  
  84  5:39  Drone x2  
  84  5:41  Roach x3  
  95  5:44  Overlord  
  95  5:51  Drone x4  
  95  5:54  Drone  
  95  5:55  Zerg Missile Weapons Level 1  
  100  5:59  Overlord  
  100  6:00  Hydralisk Den  
  99  6:05  Roach x3  
  99  6:08  Overlord  
  99  6:10  Extractor  
  103  6:11  Hatchery  
  103  6:16  Overlord  
  103  6:17  Ravager  
  103  6:18  Ravager  
  104  6:19  Roach x2  
  104  6:20  Zergling x2  
  104  6:25  Drone x2  
  111  6:26  Drone  
  111  6:27  Drone  
  111  6:28  Drone x2  
  115  6:34  Hydralisk, Muscular Augments  
  115  6:35  Hydralisk  
  115  6:37  Drone  
  115  6:39  Drone  
  121  6:43  Pneumatized Carapace  
  121  6:49  Hydralisk  
  121  6:50  Hydralisk  
  121  6:52  Overlord  
  125  6:54  Drone x4  
  125  6:55  Drone x2  
  131  7:07  Hydralisk x3  
  131  7:08  Zergling x2  
  138  7:12  Overlord  
  137  7:16  Extractor, Overlord  
  137  7:19  Overlord, Hydralisk x3  
  137  7:20  Zergling x8  
  145  7:31  Overlord  
  145  7:32  Overlord  
  145  7:38  Hydralisk x6  
  157  7:45  Roach x3  
  157  7:46  Roach x2  
  167  7:56  Hydralisk  
  168  8:00  Overlord  
  156  8:07  Lurker Den  
  156  8:08  Extractor  
  156  8:09  Hydralisk x2, Zergling x2  
  156  8:10  Infestation Pit, Zergling x18  
  167  8:16  Zerg Missile Weapons Level 2  
  167  8:20  Roach  
  167  8:21  Roach x2  
  173  8:27  Overlord  
  170  8:44  Overlord  
  167  8:54  Zergling x8  
  167  8:55  Zergling x10  
  173  9:01  Overlord x5  
  172  9:06  Grooved Spines  
  169  9:18  Hive  
  169  9:25  Hydralisk  
  169  9:26  Zergling x4  
  173  9:32  Hatchery  
  173  9:34  Lurker  
  173  9:35  Spire, Lurker x7  
  179  9:38  Spore Crawler  
  179  9:40  Spore Crawler  
  179  9:42  Spore Crawler x2  
  179  9:43  Zergling x16  
  183  9:47  Lurker x3  
  184  10:03  Drone  
  176  10:08  Hydralisk x5  
  176  10:09  Hydralisk x5  
  182  10:21  Hydralisk x5  
  190  10:34  Spore Crawler  
  189  10:36  Spore Crawler  
  189  10:38  Hydralisk x7  
  193  10:45  Hydralisk x3  
  193  10:46  Zergling x2  
  193  10:47  Zergling x20  
  155  10:59  Greater Spire, Adaptive Talons  
  155  11:03  Drone x8  
  163  11:12  Queen  
  163  11:17  Spine Crawler x2  
  163  11:18  Viper x2, Spine Crawler  
  168  11:27  Lurker  
  168  11:28  Lurker  
  170  11:33  Zerg Melee Weapons Level 1  
  170  11:34  Evolution Chamber  
  165  11:40  Drone x2  
  165  11:41  Drone  
  165  11:42  Extractor  
  165  11:43  Drone x4  
  165  11:44  Extractor  
  165  11:46  Spore Crawler  
  169  11:47  Spore Crawler  
  168  11:58  Corruptor x5  
  178  12:04  Drone x3  
  174  12:22  Drone x3  
  175  12:23  Drone x3  
  175  12:25  Spine Crawler  
  175  12:27  Spine Crawler x2  
  175  12:28  Zerg Missile Weapons Level 3, Adrenal Glands  
  175  12:29  Zerg Flyer Weapons Level 1  
  175  12:36  Brood Lord  
  179  12:37  Brood Lord  
  179  12:53  Spine Crawler  
  179  12:54  Brood Lord x3  
  179  12:56  Overseer  
  179  13:10  Drone x4  
  179  13:12  Zergling x32  
  199  13:25  Overlord  
  194  13:41  Zerg Ground Armor Level 1  
  194  13:42  Baneling Nest  
  194  13:46  Pathogen Glands  
  194  13:47  Infestor  
  194  13:48  Infestor x2  
  199  13:59  Spore Crawler  
  199  14:00  Spore Crawler x3  
  199  14:01  Hatchery, Spore Crawler  
  199  14:02  Spore Crawler  
  191  14:03  Spore Crawler  
  191  14:07  Spore Crawler  
  191  14:09  Spore Crawler  
  188  14:10  Spore Crawler  
  187  14:18  Infestor x6  
  198  14:29  Hydralisk  
  198  14:42  Neural Parasite  
  198  14:45  Hydralisk  
  196  14:47  Infestor, Roach  
  200  14:53  Overlord  
  196  15:02  Infestor  
  198  15:12  Spore Crawler x2  
  198  15:13  Spore Crawler  
  192  15:15  Zerg Melee Weapons Level 2, Hatchery, Spore Crawler  
  192  15:16  Spore Crawler  
  192  15:18  Drone x8  
  192  15:19  Drone x2  
  193  15:48  Queen x2  
  193  15:49  Burrow  
  186  16:17  Corruptor x7, Spine Crawler  
  199  16:19  Spine Crawler  
  199  16:24  Zerg Flyer Armor Level 1  
  199  16:25  Zerg Ground Armor Level 2  
  195  16:42  Drone  
  195  16:43  Drone  
  197  16:53  Overseer  
  197  17:01  Overlord  
  197  17:04  Overlord  
  197  17:06  Overlord  
  197  17:07  Brood Lord  
  198  17:08  Overlord  
  198  17:12  Overlord  
  194  17:16  Corruptor x5  
  190  17:26  Ravager  
  172  17:37  Infestor x4  
  172  17:38  Infestor x2  
  172  17:39  Corruptor x3  
  172  17:43  Overseer  
  197  17:46  Brood Lord  
  197  17:47  Brood Lord  
  188  17:53  Drone  
  188  17:54  Drone x4  
  193  17:58  Centrifical Hooks  
  193  18:03  Zergling x14  
  193  18:05  Hatchery  
  195  18:11  Overseer x2  
  195  18:12  Overseer  
  191  18:20  Zergling x14  
  191  18:21  Zergling x4  
  184  18:32  Infestor x4  
  188  18:48  Zergling x24  
  187  18:50  Overseer x2  
  187  18:53  Zergling x2  
  187  18:54  Zergling x4  
  190  18:56  Zergling x2  
  190  19:00  Zergling x6  
  182  19:17  Hydralisk  
  182  19:18  Hydralisk x5  
  188  19:52  Corruptor, Overlord  
  188  19:53  Corruptor x3  
  188  19:57  Infestation Pit  
  195  20:08  Overseer  
  195  20:12  Baneling x6  
  195  20:16  Hatchery  
  195  20:20  Overseer  
  194  20:26  Spire x2  
  187  20:37  Hydralisk x6  
  197  20:53  Overseer  
  197  20:54  Overseer  
  197  21:00  Spore Crawler  
  197  21:01  Spore Crawler  
  193  21:04  Spore Crawler  
  193  21:09  Overseer  
  193  21:11  Zergling x14  
  179  21:33  Infestor x9  
  191  21:48  Spore Crawler  
  191  21:49  Spore Crawler  
  191  21:50  Spore Crawler  
  191  21:51  Corruptor x3  
  191  21:52  Corruptor  
  196  21:59  Spore Crawler x2  
  196  22:00  Spore Crawler  
  193  22:11  Infestor x3  
  199  22:23  Baneling  
  199  22:24  Baneling x6  
  199  22:30  Extractor  
  199  22:31  Overseer  
  191  22:55  Unknown  
  191  22:56  Unknown  
  168  23:13  Corruptor x6  
  168  23:14  Corruptor x7  
  194  23:22  Drone x3  
  194  23:23  Drone x2  
  194  23:26  Extractor  
  198  23:28  Spore Crawler x2  
  198  23:29  Spore Crawler  
  198  23:30  Spore Crawler  
  188  23:34  Corruptor x2  
  188  23:38  Zergling x12  
  196  23:49  Zerg Flyer Weapons Level 2  
  196  23:52  Overseer  
  194  24:00  Zergling x10  
  194  24:24  Greater Spire  
  194  24:37  Zergling x2  
  194  24:38  Zergling x8  
  187  25:12  Viper x2  
  190  25:18  Zergling x2  
  190  25:19  Overlord x5  
  186  25:21  Overlord  
  186  25:23  Overseer x3  
  186  25:24  Overseer  
  183  25:31  Spore Crawler  
  182  25:44  Zergling x34  
  182  25:47  Zergling x2  
  198  25:58  Spore Crawler  
  198  25:59  Spore Crawler  
  198  26:00  Spore Crawler  
  182  26:18  Spine Crawler  
  182  26:22  Spine Crawler  
  178  26:30  Infestor x4  
  178  26:32  Overseer, Hatchery  
  185  26:39  Zergling x12  
  196  26:40  Zergling x16  
  190  27:02  Zergling x16  
  190  27:03  Zergling x6  
  199  27:14  Overseer x2  
  198  27:22  Zergling x4  
  181  27:49  Overlord  
  176  27:55  Unknown  
  102  28:27  Zergling x8  
  101  28:37  Zergling x22  
  101  28:38  Drone x5  
  115  28:43  Zergling x4  
  115  28:48  Spine Crawler  
  111  28:50  Spine Crawler, Zergling x6  
  111  28:51  Spine Crawler x2  
  111  28:53  Spine Crawler, Zergling x4  
  111  28:54  Zergling x2  
  110  29:01  Drone  
  111  29:09  Infestor x5  
  107  29:12  Hydralisk  
  107  29:13  Hydralisk x3  
  107  29:15  Infestor x6  
  105  29:40  Spire  
  99  29:56  Zergling x20  
  99  29:57  Zergling x10  
  114  30:09  Hydralisk x4  
  122  30:35  Zergling x4  
  107  31:07  Corruptor x2  
  107  31:08  Corruptor  
  110  31:13  Zergling x2  
  110  31:14  Zergling x22  
  122  31:25  Baneling x4  
  122  31:57  Corruptor  
  122  31:58  Corruptor  
  126  32:06  Hatchery  
  117  32:28  Zergling x16  
  125  32:32  Corruptor  
  127  32:47  Infestor  
  127  32:49  Zergling x2  
  127  32:50  Queen  
  131  33:10  Infestor x2  
  131  33:12  Overseer, Overlord  
  131  33:13  Overseer  
  125  33:41  Infestor  
  77  34:15  Corruptor x2  
  77  34:16  Queen x2  
Show
View Real Time Build Order
Export as new Build Order

PtitDrogo Protoss - Winner!

Build Orders: 1 Gate Expand, Oracle Opening, Phoenix Opening, Carriers, Zealot Archon 

Get SALT Encoding   

  12  0:00  Probe  
  13  0:12  Probe  
  14  0:19  Pylon  
  14  0:25  Probe  
  15  0:33  Probe  
  15  0:41  Probe  
  16  0:44  Gateway  
  16  0:47  Assimilator  
  17  0:51  Probe  
  18  1:03  Probe  
  19  1:16  Probe  
  20  1:26  Nexus  
  20  1:33  Cybernetics Core  
  20  1:37  Probe  
  21  1:41  Assimilator  
  21  1:49  Probe  
  21  1:54  Pylon  
  22  2:01  Probe  
  22  2:03  Adept  
  23  2:13  Probe  
  26  2:17  Stargate  
  26  2:24  Warp Gate  
  26  2:25  Probe  
  26  2:29  Adept  
  27  2:35  Probe x2  
  29  2:43  Probe x2  
  33  2:53  Probe x2  
  33  2:56  Phoenix  
  35  3:05  Probe x2  
  39  3:09  Pylon  
  39  3:17  Probe x2  
  39  3:18  Oracle  
  41  3:25  Assimilator  
  44  3:28  Assimilator  
  44  3:29  Probe x2  
  46  3:34  Gateway  
  46  3:41  Probe x2  
  46  3:45  Robotics Facility  
  48  3:49  Probe  
  48  3:51  Pylon  
  48  3:53  Probe  
  50  3:57  Probe  
  50  4:01  Twilight Council  
  51  4:05  Probe  
  51  4:09  Probe  
  53  4:12  Gateway  
  53  4:14  Gateway  
  53  4:18  Probe  
  54  4:33  Probe  
  54  4:34  Observer, Probe  
  54  4:36  Forge  
  54  4:37  Pylon  
  57  4:38  Protoss Ground Weapons Level 1  
  57  4:40  Zealot  
  57  4:41  Zealot  
  57  4:45  Probe  
  62  4:48  Nexus  
  62  4:51  Pylon  
  62  4:55  Probe  
  62  4:56  Pylon  
  62  4:59  Probe  
  64  5:07  Probe  
  64  5:11  Probe  
  66  5:17  Templar Archives  
  66  5:19  Probe  
  67  5:23  Probe  
  68  5:30  Probe  
  68  5:34  Immortal  
  68  5:35  Probe  
  74  5:38  Probe  
  75  5:43  Sentry  
  75  5:44  Zealot, Sentry  
  75  5:46  Probe  
  75  5:47  Probe  
  82  5:50  Pylon  
  82  5:52  Robotics Bay  
  82  5:54  Charge  
  83  5:58  Probe  
  83  5:59  Probe  
  83  6:03  Probe  
  85  6:05  Immortal  
  85  6:10  Assimilator, Probe  
  86  6:11  Probe, Assimilator  
  86  6:15  Probe  
  86  6:18  Robotics Facility  
  92  6:22  Probe  
  92  6:23  Protoss Ground Weapons Level 2, Probe  
  94  6:27  Photon Cannon  
  94  6:28  Shield Battery  
  94  6:29  Pylon  
  94  6:33  Gateway  
  94  6:34  Gateway  
  94  6:35  Colossus, High Templar x2  
  94  6:39  Pylon  
  98  6:41  Archon  
  104  6:51  Extended Thermal Lance  
  104  6:56  Colossus  
  104  6:57  Pylon  
  110  7:14  Zealot x4  
  116  7:23  Gateway  
  116  7:24  Gateway  
  116  7:28  Pylon  
  116  7:29  Colossus  
  122  7:37  Pylon  
  122  7:42  Zealot x3  
  122  7:43  Zealot  
  130  7:44  High Templar  
  130  7:46  Nexus, Pylon  
  130  7:49  Pylon  
  130  7:50  High Templar  
  132  7:55  Archon  
  132  8:08  Probe x2  
  132  8:10  Assimilator  
  134  8:14  Assimilator  
  134  8:19  Shield Battery, Photon Cannon  
  134  8:23  Stalker x3  
  134  8:24  Stalker x4  
  148  8:28  Zealot  
  149  8:41  Immortal  
  149  8:42  Probe  
  149  8:47  Zealot x3  
  149  8:48  Zealot x4  
  158  8:55  Probe  
  157  9:05  Probe  
  157  9:06  Probe x2  
  157  9:08  Probe  
  161  9:12  Warp Prism, Photon Cannon  
  161  9:13  Photon Cannon  
  161  9:15  High Templar x6, Protoss Ground Weapons Level 3  
  161  9:16  High Templar x2  
  173  9:18  Probe  
  173  9:21  Archon x4  
  173  9:22  Gateway x2  
  173  9:24  Observer  
  173  9:25  Gateway  
  173  9:29  Photon Cannon  
  173  9:30  Photon Cannon  
  173  9:48  Pylon  
  173  9:50  Pylon x2  
  173  9:51  Pylon, Dark Shrine  
  173  9:52  Blink  
  173  10:00  Zealot x3  
  173  10:04  Pylon  
  179  10:07  Photon Cannon  
  179  10:09  Pylon  
  175  10:15  Zealot x4  
  178  10:30  Fleet Beacon  
  178  10:34  High Templar x5  
  178  10:35  High Templar  
  190  10:38  Archon x2  
  190  10:39  Archon  
  190  10:41  Zealot x3  
  188  10:48  Probe  
  122  10:50  Zealot x2  
  122  10:53  Immortal  
  111  11:00  Immortal  
  119  11:04  Dark Templar  
  119  11:07  Probe x2  
  119  11:10  High Templar, Sentry  
  119  11:11  High Templar, Zealot x5  
  129  11:12  Zealot  
  129  11:15  Archon  
  141  11:19  Pylon  
  141  11:23  Zealot  
  143  11:29  Nexus, Observer  
  143  11:31  Pylon  
  144  11:34  Mothership  
  144  11:36  Zealot x4  
  152  11:42  Protoss Ground Armor Level 1  
  152  11:45  Dark Templar x2  
  156  11:53  Photon Cannon  
  156  11:54  Photon Cannon  
  156  11:55  Zealot x4  
  162  12:14  Carrier  
  158  12:23  Assimilator  
  158  12:27  Stargate  
  158  12:28  Assimilator  
  158  12:29  Stargate  
  164  12:31  Protoss Air Weapons Level 1  
  164  12:34  Psionic Storm  
  164  12:40  Zealot  
  164  12:41  Zealot x7  
  180  12:55  High Templar x2  
  180  12:56  High Templar  
  186  13:04  Carrier  
  186  13:16  Carrier  
  198  13:20  Probe  
  198  13:22  Protoss Shields Level 1  
  195  13:35  High Templar x2  
  195  13:37  Photon Cannon  
  195  13:40  Photon Cannon  
  195  14:09  Stargate  
  195  14:10  Stargate  
  195  14:12  Pylon, Stargate  
  195  14:20  Observer  
  189  14:35  Protoss Air Weapons Level 2  
  180  14:41  Probe  
  180  14:43  Carrier x3  
  181  14:46  Probe  
  181  14:49  Assimilator  
  181  14:50  Probe  
  193  15:02  Probe  
  184  15:14  Pylon  
  184  15:16  Dark Templar x2  
  184  15:17  Dark Templar x2  
  191  15:26  Carrier  
  191  15:30  Carrier  
  194  15:42  Assimilator  
  200  15:47  Assimilator, Archon  
  200  16:12  Photon Cannon  
  200  16:14  Pylon  
  200  16:16  Protoss Shields Level 2  
  200  16:20  Archon  
  199  16:59  Pylon  
  199  17:03  Pylon  
  199  17:05  Warp Prism  
  199  17:09  Nexus  
  199  17:12  Pylon  
  199  17:30  Photon Cannon  
  199  17:32  Dark Templar  
  199  17:40  Probe x2  
  199  17:41  Probe  
  199  17:43  Photon Cannon x2  
  198  17:45  Photon Cannon  
  184  17:52  Photon Cannon, High Templar x2  
  184  17:53  High Templar x2, Photon Cannon  
  184  17:54  High Templar  
  184  17:55  Photon Cannon  
  184  17:56  Shield Battery  
  200  17:59  Photon Cannon  
  200  18:00  Assimilator  
  200  18:05  Assimilator  
  190  18:34  Zealot  
  190  18:35  Dark Templar, Zealot x3  
  190  18:38  Dark Templar x3  
  200  18:47  Zealot x3  
  192  18:56  Probe x2  
  192  18:59  Zealot x4  
  180  19:09  Zealot x4  
  184  19:11  Zealot x3  
  184  19:13  Carrier x3  
  168  19:31  High Templar x5  
  162  19:32  High Templar x3  
  162  19:36  Archon x2  
  176  19:42  Protoss Air Weapons Level 3, Probe  
  176  19:43  Carrier x2  
  176  19:47  Mothership  
  176  19:50  Probe  
  190  20:00  Probe  
  191  20:12  Probe  
  200  20:22  Void Ray  
  200  20:29  Protoss Shields Level 3  
  192  20:52  Oracle  
  193  21:07  Void Ray  
  197  21:24  Warp Prism  
  185  21:34  Warp Prism  
  185  21:37  Carrier x2, Oracle  
  185  21:39  Assimilator  
  178  21:49  Probe  
  178  21:53  Oracle  
  191  21:57  Probe  
  195  22:08  Probe  
  196  22:18  Zealot x2  
  177  23:00  Carrier  
  177  23:01  Carrier  
  167  23:09  Carrier  
  167  23:10  Carrier x2  
  187  23:15  Zealot x2  
  187  23:39  Zealot x3  
  193  23:45  Zealot x2  
  191  23:54  Zealot  
  191  23:55  High Templar  
  193  24:00  High Templar  
  193  24:01  High Templar  
  194  24:10  Dark Templar  
  196  24:22  High Templar x2  
  200  24:26  Pylon  
  177  25:14  Zealot x7  
  177  25:15  Zealot  
  192  25:22  Carrier  
  198  25:41  Protoss Air Armor Level 1  
  198  25:46  Dark Templar  
  197  26:01  Oracle x2  
  200  26:07  Zealot  
  180  26:30  Zealot x2  
  180  26:31  Zealot x8  
  198  26:36  Dark Templar  
  200  27:00  Pylon  
  184  27:02  Assimilator  
  184  27:06  Dark Templar x2  
  184  27:07  Assimilator  
  182  27:14  Dark Templar  
  183  27:23  Dark Templar x3  
  167  27:49  Zealot x5  
  167  27:50  Zealot x2  
  127  28:27  Void Ray x2, Carrier x2  
  103  28:28  Carrier  
  121  28:39  Zealot x2  
  115  28:51  Zealot  
  117  29:00  Zealot  
  117  29:02  High Templar  
  117  29:48  Zealot x8  
  131  30:01  Observer  
  126  30:27  Zealot x4  
  126  30:28  Zealot x3  
  133  30:38  Zealot x2  
  137  30:48  Probe  
  129  30:50  Probe  
  117  30:59  Probe x2  
  111  31:10  Archon  
  111  31:12  High Templar x3  
  117  31:36  Pylon  
  117  31:46  Probe  
  118  31:54  Probe  
  99  32:25  Zealot x3  
  103  32:37  Zealot  
  105  32:47  High Templar  
  105  32:48  High Templar  
  107  32:52  Archon  
  107  33:06  Zealot  
  81  34:25  Archon  
Tags
 
Add a new tag
Caveats
  • Supply blocks, unpowered buildings, or Contaminate may cause inaccurate times.
  • Supply counts are checked every 10 seconds.